 Dungeon Crawl Stone Soup version 0.29.1-4-g47bece8355 (webtiles) character file.

Game seed: 14972326587385594297

62 CungeonDrawl the Magician (level 4, -4/31 HPs)
             Began as a Djinni Conjurer on Dec 4, 2022.
             Slain by Crazy Yiuf
             ... wielding a +3 quarterstaff of chaos
              (5 damage)
             ... on level 2 of the Dungeon.
             The game lasted 00:08:46 (2679 turns).

CungeonDrawl the Magician (Djinni Conjurer)         Turns: 2679, Time: 00:08:47

Health: -4/31      AC: 10    Str:  6    XL:     4   Next: 28%
Gold:   106        EV: 17    Int: 21    God:
                   SH:  0    Dex: 12

rFire   + + .      SeeInvis .   d - +1 dagger (venom)
rCold   x . .      Faith    .   (no shield)
rNeg    . . .      Spirit   .   a - +0 robe
rPois   ∞          Reflect  .   (no helmet)
rElec   .          Harm     .   (no cloak)
rCorr   .          Rampage  .   (no gloves)
Will    .....                   (boots unavailable)
Stlth   ++........              (no amulet)
HPRegen 0.10/turn               k - +4 ring of protection
MPRegen 0.00/turn               p - +4 ring of protection

@: agile, flying
A: sickness immunity, fire resistance 2, cold vulnerability 1, float, innate
caster, HP casting, extra vitality 1
a: no special abilities


You were on level 2 of the Dungeon.
You visited 1 branch of the dungeon, and saw 2 of its levels.

You collected 106 gold pieces.

Inventory:

Hand Weapons
 d - a +1 dagger of venom (weapon)
Armour
 a - a +0 robe (worn)
Jewellery
 k - a +4 ring of protection (left hand)
 o - a ring of wizardry
 p - a +4 ring of protection (right hand)
Scrolls
 b - 3 scrolls of enchant armour {unknown}
 c - a scroll of teleportation {unknown}
 f - a scroll of enchant weapon {unknown}
 h - 3 scrolls of immolation
 l - 2 scrolls of identify {unknown}
 m - a scroll of blinking {unknown}
 n - 2 scrolls of butterflies {unknown}
Potions
 e - 2 potions of degeneration {unknown}
 g - a potion of attraction {unknown}
 i - 2 potions of might {unknown}
 j - 2 potions of brilliance {unknown}
 q - a potion of magic {unknown}


   Skills:
 - Level 2.6 Dodging
 - Level 1.9 Stealth
 * Level 4.1 Spellcasting


You couldn't memorise any spells.
You knew the following spells:

 Your Spells              Type           Power      Damage    Failure   Level
a - Magic Dart            Conj           84%        1d7       2%          1
b - Searing Ray           Conj           42%        2d6       3%          2
c - Dazzling Flash        Conj/Hex       42%        N/A       6%          3
d - Fulminant Prism       Conj/Hex       10%        3d9       22%         4
e - Iskenderun's Mystic   Conj/Tloc      21%        2d6       22%         4
f - Apportation           Tloc           42%        N/A       2%          1
Your spell library was empty.

Dungeon Overview and Level Annotations

Branches:
Dungeon (2/15)

Altars:

Annotations:
D:2 Crazy Yiuf


Innate Abilities, Weirdness & Mutations

You are immune to sickness and miasma.
You are immune to poison.
Your flesh is very heat resistant. (rF++)
You are vulnerable to cold. (rC-)
You float through the air rather than walking.
You learn spells naturally, not from books.
Your magical power is your life essence.
You have superior vitality. (+4 MHP)


Message History

You miscast Magic Dart.
You are very lightly contaminated with residual magic.
Nothing appears to happen.
Crazy Yiuf closely misses you.
The magic dart hits Crazy Yiuf but does no damage.
Crazy Yiuf closely misses you.
The magic dart hits Crazy Yiuf!
Crazy Yiuf is moderately wounded.
Crazy Yiuf closely misses you.
The magic dart hits Crazy Yiuf.
Crazy Yiuf is heavily wounded.
Crazy Yiuf hits you with a +3 quarterstaff of chaos!
You resist with some effort.
The magic dart hits Crazy Yiuf.
Crazy Yiuf is severely wounded.
Crazy Yiuf hits you with a +3 quarterstaff of chaos!
* * * LOW HITPOINT WARNING * * *
You feel agile all of a sudden.
You are too injured to fight recklessly!
Crazy Yiuf attacks as you move away!
Crazy Yiuf hits you with a +3 quarterstaff of chaos.
* * * LOW HITPOINT WARNING * * *
Crazy Yiuf freezes you.
* * * LOW HITPOINT WARNING * * *
Casting: Magic Dart (safe; 2% risk of failure)
Confirm with . or Enter, or press ? or * to list all spells.
Aiming: Magic Dart (safe; 2% risk of failure)
Press: ? - help, Shift-Dir - straight line, f/p - Crazy Yiuf
Aim: Crazy Yiuf, wielding a +3 quarterstaff of chaos and wearing a +0 cloak (severely wounded, 100% to hit)
The magic dart hits Crazy Yiuf.
Crazy Yiuf is almost dead.
* * * LOW HITPOINT WARNING * * *
Crazy Yiuf hits you but does no damage.
Your magical contamination has completely faded away.
Casting: Magic Dart (safe; 2% risk of failure)
Confirm with . or Enter, or press ? or * to list all spells.
You don't have enough health to cast this spell.
Unknown command.
Crazy Yiuf attacks as you move away!
Crazy Yiuf hits you with a +3 quarterstaff of chaos.
You die...

#
#.<######......##
##..............#
###########....#
#....# ♣....♣
♣...♣♣ ♣♣.♣♣ ♣.♣♣
♣♣@♣ ♣g♣♣ ♣♣.♣
#'# ... #...#
#..)# #####


You could see Crazy Yiuf.

Vanquished Creatures
  A worm (D:2)
  2 dart slugs (D:1)
  An endoplasm (D:1)
  2 giant cockroaches (D:1)
  8 goblins
  11 hobgoblins
  4 jackals (D:1)
  A quokka (D:2)
  3 ball pythons
  5 bats
  6 frilled lizards
  2 kobolds (D:1)
  4 rats
50 creatures vanquished.

Notes
Turn   | Place    | Note
-------+----------+-------------------------------------------
     0 | D:1      | CungeonDrawl the Djinni Conjurer began the quest for the
                  | Orb.
     0 | D:1      | CungeonDrawl set off with the following spells memorised:
                  | Magic Dart, Searing Ray, Dazzling Flash, Fulminant Prism,
                  | Iskenderun's Mystic Blast.
     0 | D:1      | Reached XP level 1. HP: 15/15 MP: 0/0
   202 | D:1      | Reached XP level 2. HP: 19/21 MP: 0/0
   606 | D:1      | Reached XP level 3. HP: 16/25 MP: 0/0
   606 | D:1      | Learned a level 1 spell: Apportation
  1927 | D:2      | Reached skill level 4 in Spellcasting
  1927 | D:2      | Reached XP level 4. HP: 21/31 MP: 0/0
  2080 | D:2      | Found a faded altar of an unknown god.
  2243 | D:2      | Found a runed translucent door.
  2244 | D:2      | Noticed Crazy Yiuf
  2679 | D:2      | Slain by Crazy Yiuf

Illustrated notes

Levels and vault maps discovered:
D:1:      sevenhm_arrival_forest_fort_large_2, layout_basic,
          corexii_corridor_pit, minivault_23
D:2:      layout_rooms, hellmonk_ecumenical_altar_blasted,
          uniq_crazy_yiuf_cottage

Skill      XL: |  1  2  3 |
---------------+----------+-----
Spellcasting   | 4 |  4.1
Dodging        | |  2.6
Stealth        | |  1.9

Action                   |  1- 3 |  4- 6 || total
-------------------------+-------+-------++-------
 Cast: Magic Dart        |    88 |    21 ||   109
Armor: Robe              |     1 |     1 ||     2
Dodge: Dodged            |     5 |     3 ||     8
